 Dungeon Crawl Stone Soup version 0.25-a0-302-g9f758675c1 (webtiles) character file.

Game seed: 554416734610514385, levelgen mode: deterministic

2818 mopl the Ruffian (level 9, 0/72 HPs)
             Began as a Minotaur Transmuter on Dec 20, 2019.
             Slain by an unseen horror (10 damage)
             ... on level 7 of the Dungeon.
             The game lasted 00:12:03 (8435 turns).

mopl the Ruffian (Minotaur Transmuter)              Turns: 8435, Time: 00:12:03

Health: 0/72       AC:  2    Str: 14    XL:     9   Next: 44%
Magic:  12/15      EV: 24    Int: 13    God:
Gold:   382        SH:  0    Dex: 21    Spells: 2/18 levels left

rFire    . . .     SeeInvis .     - Unarmed
rCold    . . .     Gourm    .   (shield currently unavailable)
rNeg     . . .     Faith    .   (armour currently unavailable)
rPois    x         Spirit   .   (helmet currently unavailable)
rElec    .         Reflect  .   (cloak currently unavailable)
rCorr    .         Harm     .   (gloves currently unavailable)
MR       .....                  (boots currently unavailable)
Stlth    ++........             (no amulet)
HPRegen  0.22/turn              I - +4 ring of dexterity
MPRegen  0.14/turn              (no ring)

@: spider-form
A: tiny, (retaliatory headbutt)
a: End Transformation


You were on level 7 of the Dungeon.
You were very hungry.
You were a venomous arachnid creature.
You visited 1 branch of the dungeon, and saw 7 of its levels.

You collected 382 gold pieces.

Inventory:

Hand Weapons
 m - a +0 vampiric trident
 s - a +1 dagger of venom
 A - a +2 spear of freezing
 F - a +0 lajatang
Missiles
 a - 91 arrows
 c - 37 poisoned darts (quivered)
 r - 5 javelins
 y - 6 curare-tipped darts
 C - 4 datura-tipped darts
Armour
 e - a +0 leather armour (melded)
 w - a +0 pair of gloves (melded)
 B - a +0 buckler
 E - a +0 pair of boots (melded)
 G - a +1 cloak (melded)
 H - the +1 scale mail "Tuikoer" {rPois rF- MR+ rCorr}
   (You found it on level 6 of the Dungeon)

   It makes you vulnerable to fire.
   It protects you from poison.
   It affects your resistance to hostile enchantments.
   It provides partial protection from all sources of acid and corrosion.
Magical Staves
 K - an uncursed staff of death
Jewellery
 j - an uncursed ring of ice
 I - a +4 ring of dexterity (left front leg)
Wands
 z - a wand of acid (7)
Scrolls
 i - a scroll of noise {unknown}
 n - 2 scrolls of fog {unknown}
 p - 4 scrolls of remove curse
 q - 3 scrolls of teleportation {unknown}
 v - 4 scrolls of blinking
 x - a scroll of amnesia {unknown}
 D - a scroll of random uselessness {unknown}
 J - a scroll of magic mapping {unknown}
 L - a scroll of fear {unknown}
Potions
 b - a potion of agility {unknown}
 f - a potion of heal wounds
 g - 4 potions of degeneration {unknown}
 h - 3 potions of cancellation {unknown}
 k - 2 potions of ambrosia {unknown}
 l - 4 potions of might {unknown}
 o - 3 potions of flight {unknown}
 t - 3 potions of lignification {unknown}
 u - a potion of curing
Comestibles
 d - 10 rations


   Skills:
 + Level 4.7 Fighting
 + Level 4.6 Dodging
 + Level 7.5 Unarmed Combat
 - Level 5.0 Spellcasting
 + Level 5.2 Transmutations
 + Level 2.6 Ice Magic
 - Level 1.0 Poison Magic


You had 2 spell levels left.
You knew the following spells:

 Your Spells              Type           Power        Failure   Level  Hunger
a - Confusing Touch       Hex            #.....       38%         1    None
b - Spider Form           Tmut/Pois      ##........   34%         3    ###....
c - Blade Hands           Tmut           ###.......   73%         5    ######.
d - Ice Form              Ice/Tmut       ##......     58%         4    ####...
e - Beastly Appendage     Tmut           ###...       9%          1    None
w - Sticks to Snakes      Tmut           ###.....     11%         2    ##.....

Your spell library contained the following spells:

 Spells                   Type           Power        Failure   Level  Hunger
 Confuse                  Hex            #.......     71%         3    ###....
 Gell's Gravitas          Tloc           #.........   71%         3    ###....
 Petrify                  Tmut/Erth      ##......     75%         4    ####...
 Yara's Violent Unravell  Hex/Tmut       ##........   96%         5    ######.
 Metabolic Englaciation   Hex/Ice        #.........   99%         5    ######.


Dungeon Overview and Level Annotations

Branches:
Dungeon (7/15)
 Temple: D:4-7

Altars:
Ashenzari
Dithmenos
Elyvilon
Fedhas
Hepliaklqana
Trog
Wu Jian
Zin

Annotations:
D:6 2 transporters, kaychamo's ghost, novice MfFi


Innate Abilities, Weirdness & Mutations

((You reflexively headbutt those who attack you in melee.))
((You have a pair of horns on your head.))


Message History

Your +0 leather armour unmelds from your body.
Something hits you but does no damage. x2; Something hits you!
* * * LOW HITPOINT WARNING * * *
Casting: Spider Form (safe; 21% risk of failure)
Confirm with . or Enter, or press ? or * to list all spells.
You turn into a venomous arachnid creature.
Your +1 cloak melds into your body.
Your +0 pair of gloves melds into your body.
Your +0 pair of boots melds into your body.
Your +0 leather armour melds into your body.
You are feeling very hungry.
Something hits you!
* * * LOW HITPOINT WARNING * * *
You feel much better. Something misses you. Something hits you!
* * * LOW HITPOINT WARNING * * *
Something hits you.
* * * LOW HITPOINT WARNING * * *
You hit something. Something hits you!
You die...

##.###.##
###.#.## # ##.##
# #.# ####.######
..........#
.###.####.# .#
#.#
#.###############
.###.#
#.##....s........
#....#
#.#...#########%#
.#####
#.........# .#
#########.# .# .#
.# .# .#


There were no monsters in sight!

Vanquished Creatures
  A two-headed ogre (D:4)
  Grinder (D:5)
  A sky beast (D:6)
  2 ice beasts (D:6)
  A hornet zombie (D:5)
  3 ogres
  2 centaurs
  A phantom (D:4)
  A bullfrog (D:6)
  A gnoll sergeant (D:5)
  3 scorpions
  A howler monkey (D:6)
  2 crimson imps (D:6)
  Crazy Yiuf (D:2)
  A bullfrog skeleton (D:6)
  2 orc priests
  3 hounds
  Jessica (D:2)
  A centaur skeleton (D:6)
  Ijyb (D:5)
  2 orc wizards (D:4)
  7 worker ants
  A worker ant zombie (D:5)
  Robin (D:2)
  10 gnolls
  6 adders
  A dart slug (D:3)
  2 leopard geckos
  9 orcs
  4 giant cockroaches
  15 goblins
  6 hobgoblins
  8 jackals
  3 kobolds
  3 quokkas
  7 bats
  2 frilled lizards
  A jackal skeleton (D:4)
  A leopard gecko skeleton (D:4)
  4 rats
123 creatures vanquished.

Vanquished Creatures (others)
  An orc wizard (D:3)
1 creature vanquished.

Grand Total: 124 creatures vanquished

Notes
Turn   | Place    | Note
-------+----------+-------------------------------------------
     0 | D:1      | mopl the Minotaur Transmuter began the quest for the Orb.
     0 | D:1      | Reached XP level 1. HP: 16/16 MP: 1/1
   369 | D:1      | Reached XP level 2. HP: 22/23 MP: 3/3
   373 | D:1      | Learned a level 2 spell: Sticks to Snakes
   749 | D:2      | Noticed Jessica
   757 | D:2      | Killed Jessica
   757 | D:2      | Reached skill level 2 in Spellcasting
   757 | D:2      | Reached skill level 2 in Transmutations
   757 | D:2      | Reached XP level 3. HP: 28/28 MP: 2/5
   762 | D:2      | Learned a level 3 spell: Spider Form
   840 | D:2      | Noticed Robin
  1269 | D:1      | Reached XP level 4. HP: 18/35 MP: 4/6
  1455 | D:2      | Reached skill level 4 in Unarmed Combat
  1687 | D:2      | Killed Robin
  2109 | D:2      | Found an ornate altar of the Wu Jian Council.
  2136 | D:2      | Found a runed translucent door.
  2137 | D:2      | Noticed Crazy Yiuf
  2165 | D:2      | Killed Crazy Yiuf
  2165 | D:2      | Reached XP level 5. HP: 14/40 MP: 5/7
  2627 | D:3      | Reached skill level 1 in Poison Magic
  2704 | D:3      | You fall into a shaft and drop 1 floor!
  2704 | D:4      | Found a shattered altar of Ashenzari.
  2924 | D:3      | Reached skill level 3 in Spellcasting
  3133 | D:3      | Learned a level 1 spell: Confusing Touch
  3708 | D:4      | Reached XP level 6. HP: 38/47 MP: 9/9
  3925 | D:4      | Reached skill level 3 in Transmutations
  4154 | D:4      | Noticed a two-headed ogre
  4300 | D:4      | Killed a two-headed ogre
  4300 | D:4      | Reached skill level 6 in Unarmed Combat
  4300 | D:4      | Reached skill level 4 in Spellcasting
  4300 | D:4      | Reached skill level 4 in Transmutations
  4300 | D:4      | Reached XP level 7. HP: 25/52 MP: 8/13
  4300 | D:4      | Reached XP level 8. HP: 28/59 MP: 8/14
  4308 | D:4      | Learned a level 4 spell: Ice Form
  4314 | D:4      | Learned a level 5 spell: Blade Hands
  5224 | D:5      | Entered Level 5 of the Dungeon
  5227 | D:5      | Reached skill level 2 in Fighting
  5400 | D:5      | Found a white marble altar of Elyvilon.
  5422 | D:5      | Found a blossoming altar of Fedhas.
  5422 | D:5      | Found a glowing silver altar of Zin.
  5422 | D:5      | Noticed Grinder
  5423 | D:5      | Found a shadowy altar of Dithmenos.
  5428 | D:5      | Paralysed by Grinder for 2 turns
  5439 | D:5      | Killed Grinder
  5439 | D:5      | Reached skill level 1 in Ice Magic
  5468 | D:5      | Reached skill level 3 in Dodging
  5468 | D:5      | Reached skill level 5 in Spellcasting
  5487 | D:5      | Noticed Ijyb
  5502 | D:5      | Killed Ijyb
  5515 | D:5      | Reached skill level 3 in Fighting
  6493 | D:6      | Found a bloodstained altar of Trog.
  6774 | D:6      | Reached XP level 9. HP: 50/71 MP: 15/15
  6886 | D:6      | Reached skill level 2 in Ice Magic
  6889 | D:6      | Reached skill level 7 in Unarmed Combat
  7017 | D:6      | Reached skill level 4 in Dodging
  7024 | D:6      | Reached skill level 4 in Fighting
  7024 | D:6      | Reached skill level 5 in Transmutations
  7053 | D:6      | Got a crude scale mail
  7227 | D:6      | Identified the +1 scale mail "Tuikoer" {rPois rF- MR+
                  | rCorr} (You found it on level 6 of the Dungeon)
  7309 | D:6      | Noticed kaychamo's ghost (novice MfFi)
  7369 | D:6      | Found a transporter.
  7412 | D:6      | Found a hazy altar of Hepliaklqana.
  7630 | D:6      | Found a transporter.
  8432 | D:7      | HP: 1/72 [something (11)]
  8435 | D:7      | Slain by an unseen horror

Levels and vault maps discovered:
D:1:      dpeg_arrival_rhombus, layout_rooms, supply_closet_lemuel,
          minmay_misc_feat_hallway, minmay_misc_feat_enclosed, minivault_14
D:2:      layout_rooms, overflow_temple_1_default, serial_forest,
          infiniplex_forest_end_double, infiniplex_forest_lined_corner,
          infiniplex_forest_join, infiniplex_forest_clump_large,
          infiniplex_forest_straight_2, infiniplex_forest_clump_double,
          infiniplex_forest_clump_double, infiniplex_forest_clump_long,
          infiniplex_forest_lined_corner, infiniplex_forest_straight_3,
          moated_statue, uniq_jessica, uniq_robin, uniq_crazy_yiuf_cottage
D:3:      layout_loops_cross, first_ration
D:4:      minmay_chambers_of_fours, layout_basic, ashenzari_conservatory_becter
D:5:      layout_cave_pools, elyvilon_altar_5,
          chequers_temple_overflow_statue_of_worship, st_stairs_4, uniq_ijyb,
          uniq_grinder
D:6:      minmay_inner_zag, layout_basic, bloody_trog, kennysheep_mini_moat,
          gammafunk_ghost_stat_death
D:7:      layout_loops_ring, makhleb_heckhound_becter,
          minmay_temple_entry_butterflies, grunt_ogre_cave,
          nemelex_xobeh_ov_fountains_minmay

Skill      XL: |  1  2  3  4  5  6  7  8  9 |
---------------+----------------------------+-----
Spellcasting   | 2 3 4 5 |  5.0
Transmutations | 2 4 5 |  5.2
Unarmed Combat | 4 6 7 |  7.5
Poison Magic   | 1 |  1.0
Fighting       | 3 4 |  4.7
Ice Magic      | 1 2 |  2.6
Dodging        | 3 4 |  4.6

Action                   |  1- 3 |  4- 6 |  7- 9 || total
-------------------------+-------+-------+-------++-------
Melee: Unarmed           |    68 |    33 |   147 ||   248
       Headbutt          |     9 |    22 |    27 ||    58
       Kick              |     7 |     5 |     1 ||    13
       Trident           |       |   126 |    80 ||   206
       Punch             |       |     3 |     1 ||     4
Throw: Dart              |       |     3 |    17 ||    20
 Cast: Beastly Appendage |     7 |     7 |     1 ||    15
       Spider Form       |       |     2 |    11 ||    13
       Confusing Touch   |       |       |     2 ||     2
       Sticks to Snakes  |       |       |     2 ||     2
Evoke: Wand              |       |       |     1 ||     1
  Use: Scroll            |       |     2 |     3 ||     5
       Potion            |       |     1 |     4 ||     5
 Stab: Sleeping          |       |     1 |     2 ||     3
       Confused          |       |       |     2 ||     2
  Eat: Chunk             |     1 |     9 |    12 ||    22
       Ration            |       |       |     1 ||     1
Armor: Robe              |     7 |       |       ||     7
       Leather armour    |    16 |    34 |    25 ||    75
       Skin              |       |       |     2 ||     2
Dodge: Dodged            |    66 |    74 |   184 ||   324

Table legend:
 A = Non-vault XP
 B = Vault XP
 C = Vault XP percentage of total XP
 D = Non-vault monster count
 E = Vault monster count
 F = Vault count percentage of total count
                 A         B        C        D         E       F
            +---------+---------+-------+---------+---------+-------
      Total |    2080 |    1946 |  48.3 |      98 |      26 |  21.0
            +---------+---------+-------+---------+---------+-------
        D:1 |      55 |      12 |  17.9 |      18 |       6 |  25.0
        D:2 |      42 |     104 |  71.2 |      11 |       7 |  38.9
        D:3 |     142 |       0 |   0.0 |      20 |       0 |   0.0
        D:4 |     339 |    1105 |  76.5 |      15 |       4 |  21.1
        D:5 |     501 |     383 |  43.3 |      20 |       3 |  13.0
        D:6 |     886 |     342 |  27.9 |      13 |       6 |  31.6
        D:7 |     115 |       0 |   0.0 |       1 |       0 |   0.0
            +---------+---------+-------+---------+---------+-------
